 Dungeon Crawl Stone Soup version 0.22-a0-605-g9281fa2 (webtiles) character file.

9 Amnesiac the Changer (level 2, 0/16 HPs)
             Began as a Deep Elf Transmuter on July 8, 2018.
             Slain by a jackal (2 damage)
             ... on level 2 of the Dungeon.
             The game lasted 00:01:09 (569 turns).

Amnesiac the Changer (Deep Elf Transmuter)           Turns: 569, Time: 00:01:09

Health: 0/16       AC:  2    Str:  7    XL:     2   Next: 3%
Magic:  7/8        EV: 13    Int: 17    God:
Gold:   24         SH:  0    Dex: 15    Spells: 6/7 levels left

rFire    . . .     SeeInvis .     - Unarmed
rCold    . . .     Gourm    .   (no shield)
rNeg     . . .     Faith    .   b - +0 robe
rPois    .         Spirit   .   (no helmet)
rElec    .         Reflect  .   (no cloak)
rCorr    .         Harm     .   (no gloves)
MR       .....                  (no boots)
Stlth    +.........             (no amulet)
HPRegen  0.05/turn              (no ring)
MPRegen  0.11/turn              (no ring)

@: appendage, flying
A: horns 2
a: End Transformation


You were on level 2 of the Dungeon.
You were not hungry.
You had grown temporary horns.
You visited 1 branch of the dungeon, and saw 2 of its levels.

You collected 24 gold pieces.

Inventory:

Missiles
 a - 12 arrows
Armour
 b - a +0 robe (worn)
Comestibles
 d - a ration


   Skills:
 - Level 0.7 Fighting
 - Level 2.4 Dodging
 - Level 2.4 Unarmed Combat
 - Level 3.0 Spellcasting
 + Level 3.1 Transmutations


You had 6 spell levels left.
You knew the following spells:

 Your Spells              Type           Power        Failure   Level  Hunger
a - Beastly Appendage     Tmut           ##....       4%          1    None

Your spell library contained the following spells:

 Spells                   Type           Power        Failure   Level  Hunger
 Spider Form              Tmut/Pois      #.........   28%         3    ###....
 Blade Hands              Tmut           ##........   80%         5    ######.
 Ice Form                 Ice/Tmut       #.......     67%         4    ####...
 Sticks to Snakes         Tmut           ##......     8%          2    ##.....


Dungeon Overview and Level Annotations

Branches:
Dungeon (2/15)

Altars:


Innate Abilities, Weirdness & Mutations

You have a pair of horns on your head.


Message History

The jackal bites you but does no damage.
Your transformation is almost over.
You see here a kobold corpse.
The jackal bites you.
Your horns disappear.
The jackal closely misses you.
There is an escape hatch in the floor here.
The jackal closely misses you. The jackal bites you. The jackal bites you.
* * * LOW HITPOINT WARNING * * *
There is an escape hatch in the floor here.
The jackal bites you.
* * * LOW HITPOINT WARNING * * *
The jackal closely misses you.
You slide downwards.
The hatch slams shut behind you.
A frilled lizard, 2 hobgoblins and a kobold come into view.
The kobold is wielding a dagger of venom.
The kobold shouts!
The hobgoblin shouts!
Found four items.
The jackal bites you.
* * * LOW HITPOINT WARNING * * *
The frilled lizard hisses angrily.
The frilled lizard closely misses you. The jackal completely misses you.
The jackal closely misses you.
You see here a scroll labeled FEONKI AVONIA {!r}.
The jackal completely misses you. The jackal barely misses you.
The jackal bites you.
* * * LOW HITPOINT WARNING * * *
The hobgoblin misses you. The jackal misses you. The jackal misses you.
Really quaff
c - a bubbling brown potion {!q}?
It was a potion of flight {!q}.
You feel very buoyant.
You fly up into the air.
The jackal completely misses you. The jackal closely misses you.
The jackal misses you.
Casting: Beastly Appendage (safe; 4% risk of failure)
Confirm with . or Enter, or press ? or * to list all spells.
You don't know that spell.
Unknown command.
Unknown command.
Unknown command.
Unknown command.
Casting: Beastly Appendage (safe; 4% risk of failure)
Confirm with . or Enter, or press ? or * to list all spells.
You grow a pair of large bovine horns.
The jackal bites you.
* * * LOW HITPOINT WARNING * * *
The jackal barely misses you.
Firing (i - inventory) No suitable missiles.
Press: ? - help, Shift-Dir - straight line, f - jackal
Aim: a jackal
Okay, then.
You closely miss the jackal. The jackal bites you.
* * * LOW HITPOINT WARNING * * *
You hit the jackal.
The jackal is moderately wounded.
The jackal closely misses you.
You barely miss the jackal. You punch the jackal.
The jackal is severely wounded.
The jackal bites you.
You die...

#.......#
#####...##
#.K..#.#
#g#.#.##
#g##.##
#.#### #.#
##g######
#.lh@...#
##.####.....
### ###


You could see a jackal, a hobgoblin and a frilled lizard.

Vanquished Creatures
  A dart slug (D:1)
  A leopard gecko (D:1)
  A bat (D:1)
  2 kobolds (D:1)
5 creatures vanquished.

Notes
Turn   | Place    | Note
-------+----------+-------------------------------------------
     0 | D:1      | Amnesiac the Deep Elf Transmuter began the quest for the Orb.
     0 | D:1      | Reached XP level 1. HP: 11/11 MP: 6/6
   509 | D:1      | Reached XP level 2. HP: 13/16 MP: 6/8
   569 | D:2      | Slain by a jackal

Vault maps used:
D:1:      nzn_arrival_crosshair
D:2:      minmay_misc_feat_square

Skill      XL: |  1 |
---------------+----+-----
Transmutations | 3 |  3.1
Fighting       | |  0.7
Dodging        | |  2.4
Unarmed Combat | |  2.4
Spellcasting   | |  3.0

Action                   || total
-------------------------++-------
Melee: Unarmed           ||    30
       Headbutt          ||     6
       Punch             ||     1
 Cast: Beastly Appendage ||     6
  Use: Potion            ||     1
Armor: Robe              ||     6
Dodge: Dodged            ||    32

Table legend:
 A = Spawn XP
 B = Non-spawn XP
 C = Spawn XP percentage of total XP
 D = Spawn monster count
 E = Non-spawn monster count
 F = Spawn count percentage of total count
 G = Total turns spent on level
                    A         B        C        D         E        F      G
               +---------+---------+-------+---------+---------+-------+---------
         Total |       0 |      13 |   0.0 |       0 |       5 |   0.0 |   569
               +---------+---------+-------+---------+---------+-------+---------
           D:1 |       0 |      13 |   0.0 |       0 |       5 |   0.0 |   542
               +---------+---------+-------+---------+---------+-------+---------
